 Dungeon Crawl Stone Soup version 0.29.1-15-g9cfb28693d (webtiles) character file.

Game seed: 9318887143737185567

8920 Gabide the Markself (level 11, -5/67 HPs)
             Began as a Deep Elf Hunter on Mar 23, 2023.
             Slain by a centaur warrior
             ... wielding a +0 trident
              (19 damage)
             ... on level 9 of the Dungeon.
             The game lasted 00:26:20 (10532 turns).

Gabide the Markself (Deep Elf Hunter)              Turns: 10532, Time: 00:26:22

Health: -5/67      AC: 16    Str: 10    XL:     11   Next: 16%
Magic:  0/13       EV: 19    Int: 15    God:
Gold:   499        SH:  0    Dex: 22    Spells: 10/10 levels left

rFire   . . .      SeeInvis .   a - +3 shortbow (chaos)
rCold   . . .      Faith    .   (shield currently unavailable)
rNeg    . . .      Spirit   +   f - +6 leather armour of Maifud {+Inv Str+2}
rPois   +          Reflect  .   m - +2 hat
rElec   +          Harm     .   t - +2 cloak
rCorr   .          Rampage  .   i - +1 pair of gloves
Will    ++...      NoCast   +   (no boots)
Stlth   ++........              g - amulet of Emaalujan {Spirit -Cast rElec Slay+5}
HPRegen 0.21/turn               b - ring of willpower
MPRegen 0.13/turn               j - ring of poison resistance

@: no status effects
A: no striking features
a: Evoke Invisibility


You were on level 9 of the Dungeon.
You visited 2 branches of the dungeon, and saw 10 of its levels.
You also visited: Sewer.

You collected 713 gold pieces.
You spent 214 gold pieces at shops.

Inventory:

Hand Weapons
 a - a +3 shortbow of chaos (weapon)
 E - the +6 great sword of Kegoi {drain, Drain rF+++ rCorr Stlth+}
   (You took it off a centaur warrior on level 9 of the Dungeon)

   A truly terrible weapon, it drains the life of any living foe it strikes.
   rF:        It renders you almost immune to fire.
   rCorr:     It protects you from acid and corrosion.
   Drain:     It drains your maximum health when unequipped.
   Stlth:     It makes you more stealthy.
 F - a +0 longbow
Missiles
 w - a throwing net
Armour
 f - the +6 leather armour of Maifud (worn) {+Inv Str+2}
   (You found it on level 6 of the Dungeon)

   Str:       It affects your strength (+2).
   +Inv:      It lets you turn invisible.
 i - a +1 pair of gloves (worn)
 m - a +2 hat (worn)
 t - a +2 cloak (worn)
Jewellery
 b - a ring of willpower (left hand)
 g - the amulet of Emaalujan (around neck) {Spirit -Cast rElec Slay+5}
   (You acquired it on level 8 of the Dungeon)

   [amulet of guardian spirit]

   It causes incoming damage to be divided between your reserves of health and
   magic.
   Slay:      It affects your accuracy & damage with ranged weapons and melee
   (+5).
   rElec:     It insulates you from electricity.
   -Cast:     It prevents spellcasting.
 j - a ring of poison resistance (right hand)
 x - a ring of willpower
 B - a ring of protection from cold
Wands
 n - a wand of paralysis (11)
Scrolls
 e - 5 scrolls of teleportation
 l - 2 scrolls of amnesia
 o - 3 scrolls of identify
 p - a scroll of magic mapping
 r - a scroll of fear
 u - a scroll of butterflies
 y - a scroll of immolation
 A - a scroll of poison
Potions
 c - 6 potions of mutation
 d - 3 potions of flight
 h - a potion of invisibility
 k - 2 potions of heal wounds
 s - 5 potions of brilliance
 v - 2 potions of curing
 D - a potion of cancellation


   Skills:
 + Level 7.5 Fighting
 * Level 16.5 Ranged Weapons
 + Level 10.7 Dodging
 - Level 1.2 Stealth


You had 10 spell levels left.
You didn't know any spells.
Your spell library contained the following spells:

 Spells                   Type           Power      Damage    Failure   Level
 Freeze                   Ice            0%         1d3       36%         1
 Frozen Ramparts          Ice            0%         1d1       73%         3
 Ignite Poison            Fire/Tmut/Pois 0%         N/A       73%         3
 Mephitic Cloud           Conj/Pois/Air  0%         N/A       73%         3
 Ozocubu's Armour         Ice            0%         N/A       73%         3
 Portal Projectile        Hex/Tloc       0%         N/A       73%         3
 Tukima's Dance           Hex            0%         N/A       73%         3
 Airstrike                Air            0%         2d(0-16)  98%         4
 Hailstorm                Conj/Ice       0%         3d3       98%         4
 Summon Lightning Spire   Summ/Air       0%         N/A       98%         4
 Blade Hands              Tmut           0%         N/A       100%        5
 Freezing Cloud           Conj/Ice/Air   0%         6-21      100%        5
 Lightning Bolt           Conj/Air       0%         1d11      100%        5
 Ozocubu's Refrigeration  Ice            0%         4d7       100%        7


Dungeon Overview and Level Annotations

Branches:
Dungeon (9/15)             Temple (1/1) D:4           Sewer (visited)
   Lair: D:8-11         Orc: D:9-12

Altars:
Ashenzari
Cheibriados
Dithmenos
Elyvilon
Fedhas
Gozag
Hepliaklqana
Kikubaaqudgha
Makhleb
Nemelex Xobeh
Qazlal
Ru
Sif Muna
Trog
Uskayaw
Vehumet
Wu Jian
Xom
Yredelemnul
Zin
The Shining One

Shops:
D:1 (   D:8 *

Annotations:
D:6 3 runed translucent doors, vampirul's ghost, novice DjFE
D:9 3 runed translucent doors


Message History

The centaur warrior is healed!
The centaur warrior looks more healthy.
You shoot an arrow. You shoot an arrow. The arrow hits the centaur warrior!
The centaur warrior seems to grow stronger.
The centaur warrior is moderately wounded.
The centaur warrior unwields a +0 longbow.
The centaur warrior wields a +0 trident.
The centaur warrior hits you with a +0 trident!
The centaur warrior kicks you.
You shoot an arrow. The arrow hits the centaur warrior!
The centaur warrior seems to speed up.
The centaur warrior is heavily wounded.
The centaur warrior misses you. The centaur warrior closely misses you.
The centaur warrior hits you with a +0 trident!
The centaur warrior misses you.
You shoot an arrow. The arrow hits the centaur warrior!
The arrow burns the centaur warrior.
The centaur warrior is severely wounded.
The centaur warrior misses you.
The centaur warrior kicks you but does no damage.
The centaur warrior hits you with a +0 trident!!
The centaur warrior kicks you but does no damage.
Fire: a) +3 shortbow (chaos)
Press: ? - help, Q - select action, (/) - cycle Shift-Dir - straight line, f/p - centaur warrior
Aim: a centaur warrior, wielding a +0 trident and wearing a +0 robe (severely wounded, fast, strong, 81% to hit)
You shoot an arrow.
The arrow closely misses the centaur warrior.
The centaur warrior hits you with a +0 trident.
The centaur warrior kicks you.
Fire: a) +3 shortbow (chaos)
Press: ? - help, Q - select action, (/) - cycle Shift-Dir - straight line, f/p - centaur warrior
Aim: a centaur warrior, wielding a +0 trident and wearing a +0 robe (severely wounded, fast, strong, 81% to hit)
You shoot an arrow. The arrow hits the centaur warrior.
The centaur warrior is poisoned.
The centaur warrior is almost dead.
The centaur warrior hits you with a +0 trident!
* * * LOW HITPOINT WARNING * * *
The centaur warrior completely misses you.
The centaur warrior hits you with a +0 trident!!
You die...

###.Yh###......#...##............
###oFk###......'......###.###.###
###uWo####...#.#........#...#...#
#.+toD+.##...#.#......###.###.###
.#######.###...#..##.............
#.......#..###...................
..#####......###.....#...........
.##...##.####..###...............
.#.....#.(....[.@###.............
.#..#..#.########c.)##...######..
.#.....#.........###.....# #..
.##....#.####..###.......# #..
(.#####......###...#.....# #..
#.......#..###...........# #..
......#..###.........##### ###
..###.#..#...#.......# #
#.#...#.##...'....##.# #


You could see a centaur warrior (fast, strong, very poisoned).

Vanquished Creatures
  Gastronok (D:8)
  2 centaur warriors (D:9)
  Pikel (D:5)
  A deep elf pyromancer (D:7)
  A cyclops (D:9)
  Joseph (D:7)
  A tengu conjurer (D:9)
  A hornet (D:8)
  Grinder (D:6)
  A slime creature (D:9)
  A wyvern (D:9)
  7 yaks
  Menkaure (D:4)
  A water moccasin (D:6)
  A sky beast (D:6)
  3 black bears
  An orc warrior (D:5)
  A lemure (D:5)
  4 centaurs
  A phantom (D:4)
  A kobold brigand (D:8)
  2 bullfrogs (Sewer)
  2 gnoll sergeants
  2 scorpions
  A necrophage (D:4)
  4 wights (D:7)
  10 killer bees (D:8)
  2 howler monkeys
  A crimson imp (D:7)
  4 orc priests
  Crazy Yiuf (D:6)
  2 hounds
  A gnoll bouda (D:9)
  Terence (D:2)
  3 iguanas (D:5)
  5 orc wizards
  Robin (D:3)
  15 gnolls
  13 adders
  9 river rats
  A shadow imp (D:5)
  3 white imps (D:7)
  An ufetubus (D:4)
  2 worms
  A dart slug (D:1)
  25 orcs
  5 bats (D:1)
  5 endoplasms
  4 giant cockroaches
  14 goblins
  7 hobgoblins
  10 jackals
  7 kobolds
  4 quokkas
  16 ball pythons
  4 frilled lizards
  21 rats
  A toadstool (D:1)
243 creatures vanquished.

Vanquished Creatures (collateral kills)
  A quokka (D:4)
1 creature vanquished.

Vanquished Creatures (others)
  A wizard (D:9)
  3 toadstools (D:1)
4 creatures vanquished.

Grand Total: 248 creatures vanquished

Notes
Turn   | Place    | Note
-------+----------+-------------------------------------------
     0 | D:1      | Gabide the Deep Elf Hunter began the quest for the Orb.
     0 | D:1      | Reached XP level 1. HP: 12/12 MP: 3/3
   234 | D:1      | Found Sireryqe's Antique Weapon Shoppe.
   249 | D:1      | Reached XP level 2. HP: 15/17 MP: 4/4
   747 | D:1      | Reached skill level 6 in Ranged Weapons
   799 | D:2      | Reached XP level 3. HP: 21/21 MP: 5/5
  1099 | D:2      | Noticed Terence
  1126 | D:2      | Killed Terence
  1127 | D:2      | Reached XP level 4. HP: 12/26 MP: 6/6
  1837 | D:3      | Noticed Robin
  1845 | D:3      | Killed Robin
  1960 | D:3      | Found a faded altar of an unknown god.
  2443 | D:3      | Reached skill level 7 in Ranged Weapons
  2535 | D:4      | Noticed a phantom
  2542 | D:4      | Noticed Menkaure
  2548 | D:4      | Killed a phantom
  2549 | D:4      | Reached XP level 5. HP: 13/31 MP: 7/7
  2552 | D:4      | Killed Menkaure
  2553 | D:4      | Reached skill level 8 in Ranged Weapons
  2553 | D:4      | Reached XP level 6. HP: 11/37 MP: 8/8
  3350 | D:4      | Found a staircase to the Ecumenical Temple.
  3356 | Temple   | Entered the Ecumenical Temple
  3596 | D:4      | Reached skill level 5 in Dodging
  3596 | D:4      | Reached XP level 7. HP: 41/41 MP: 9/9
  3596 | D:4      | Found a shadowy altar of Dithmenos.
  3768 | D:4      | Reached skill level 9 in Ranged Weapons
  3800 | D:5      | Entered Level 5 of the Dungeon
  4250 | D:5      | Noticed Pikel
  4724 | D:5      | Found a shimmering blue altar of Sif Muna.
  4929 | D:5      | Killed Pikel
  4930 | D:5      | Reached skill level 10 in Ranged Weapons
  4930 | D:5      | Reached XP level 8. HP: 21/48 MP: 10/10
  5128 | D:5      | Reached skill level 11 in Ranged Weapons
  5350 | D:6      | Identified the +6 leather armour of Maifud {+Inv Str+2}
  5381 | D:6      | Found a glowing drain.
  5402 | Sewer    | Entered a sewer
  6051 | D:6      | Reached skill level 5 in Fighting
  6066 | D:6      | Reached skill level 12 in Ranged Weapons
  6091 | D:6      | Found a blossoming altar of Fedhas.
  6098 | D:6      | Found a radiant altar of Vehumet.
  6098 | D:6      | Found a glowing silver altar of Zin.
  6098 | D:6      | Found a sacrificial altar of Ru.
  6100 | D:6      | Found a broken altar of Ashenzari.
  6102 | D:6      | Found an ancient bone altar of Kikubaaqudgha.
  6165 | D:6      | Found a runed translucent gate.
  6165 | D:6      | Found a runed translucent gate.
  6166 | D:6      | Found a runed translucent gate.
  6215 | D:6      | Noticed Grinder
  6234 | D:6      | Paralysed by Grinder for 3 turns
  6239 | D:6      | Killed Grinder
  6240 | D:6      | Reached XP level 9. HP: 47/54 MP: 11/11
  6394 | D:6      | Found a runed translucent door.
  6395 | D:6      | Noticed Crazy Yiuf
  6425 | D:6      | Noticed vampirul's ghost (novice DjFE)
  6621 | D:6      | Killed Crazy Yiuf
  6921 | D:7      | Noticed a deep elf pyromancer
  6934 | D:7      | Killed a deep elf pyromancer
  7035 | D:7      | Reached skill level 13 in Ranged Weapons
  7360 | D:7      | Noticed Joseph
  7367 | D:7      | Killed Joseph
  7919 | D:8      | Noticed Gastronok
  7959 | D:8      | Killed Gastronok
  7960 | D:8      | Reached skill level 14 in Ranged Weapons
  7960 | D:8      | Reached XP level 10. HP: 61/61 MP: 12/12
  8449 | D:8      | Reached skill level 15 in Ranged Weapons
  8590 | D:8      | Found Ineacy Esylu's Neck Hole.
  8596 | D:8      | Bought a +2 cloak for 214 gold pieces
  9033 | D:8      | Identified a scroll of acquirement
  9034 | D:8      | Acquired the amulet of Emaalujan {Spirit -Cast rElec
                  | Slay+5}
  9223 | D:8      | Reached skill level 10 in Dodging
  9637 | D:9      | Found a bloodstained altar of Trog.
  9639 | D:9      | Noticed a wizard
  9645 | D:9      | Killed a wizard
 10112 | D:9      | Noticed a centaur warrior
 10128 | D:9      | Killed a centaur warrior
 10129 | D:9      | Reached skill level 16 in Ranged Weapons
 10168 | D:9      | Reached XP level 11. HP: 46/67 MP: 13/13
 10214 | D:9      | Identified the +6 great sword of Kegoi {drain, Drain rF+++
                  | rCorr Stlth+}
 10214 | D:9      | Noticed a centaur warrior
 10357 | D:9      | Killed a centaur warrior
 10492 | D:9      | Found a runed translucent door.
 10494 | D:9      | Noticed a white ugly thing
 10495 | D:9      | Noticed a six-headed hydra
 10495 | D:9      | Found a runed translucent door.
 10497 | D:9      | Found a runed translucent door.
 10497 | D:9      | Noticed a fire crab
 10506 | D:9      | Noticed a lindwurm
 10506 | D:9      | a redback changed into a lindwurm
 10516 | D:9      | Noticed a rakshasa
 10521 | D:9      | Noticed a centaur warrior
 10532 | D:9      | Slain by a centaur warrior

Illustrated notes

Levels and vault maps discovered:
D:1:      ldierk_water_garden, layout_basic, serial_shops,
          nicolae_shop_statue_plus
D:2:      layout_loops_ring, uniq_terence
D:3:      layout_rooms, basic_ecumenical_altar, uniq_robin
D:4:      layout_loops_ring, grunt_dithmenos_smoke_and_mirrors,
          minmay_temple_entry_fiery, uniq_menkaure
D:5:      layout_loops_cross, mainiacjoe_overflow_24_doors,
          minmay_misc_feat_more_columns, guppyfry_early_orc_mine, uniq_pikel
D:6:      layout_rooms, minitemple, chequers_ossuary_entry_cave,
          gammafunk_ghost_necromancy, portal_sewer_entry_b, uniq_grinder,
          uniq_crazy_yiuf_cottage
D:7:      layout_rooms, nicolae_overflow_hidden_temple, minmay_fire_ice_demons,
          uniq_joseph
D:8:      layout_gridville, nicolae_shop_sticking_my_neck_out, uniq_gastronok
D:9:      minmay_the_grid_four_pointed_star_mashed
          [minmay_the_grid_triangle_9x9_wacky_v,
          minmay_the_grid_triangle_9x9_fully_insulated_deathbox,
          minmay_the_grid_triangle_9x9_minimal,
          minmay_the_grid_triangle_9x9_intruding_spiral,
          minmay_the_grid_prize_inner_circle], layout_stronghold, trog_wizard,
          minmay_misc_feat_nine_boxes
Temple:   chequers_temple_sunken

Skill      XL: |  1  2  3  4  5  6  7  8  9 10 |
---------------+-------------------------------+-----
Fighting       | 2 3 4 5 6 7 |  7.5
Ranged Weapons | 6 7 8 10 12 14 16 | 16.5
Dodging        | 3 4 5 6 7 9 10 | 10.7
Stealth        | |  1.2

Action                   |  1- 3 |  4- 6 |  7- 9 | 10-12 || total
-------------------------+-------+-------+-------+-------++-------
 Fire: Shortbow          |    73 |   111 |   392 |   269 ||   845
Evoke: Wand              |       |       |     7 |       ||     7
  Use: Scroll            |     3 |    14 |    17 |     5 ||    39
       Potion            |     1 |     1 |       |       ||     2
Armor: Leather armour    |     1 |       |    36 |    48 ||    85
       Robe              |     4 |    12 |    10 |       ||    26
       Skin              |       |     9 |       |       ||     9
Dodge: Dodged            |    12 |    23 |   145 |   212 ||   392
